Map: Acid Plant LE

Players

PtitDrogo

  • Race: Protoss Protoss
  • Spawn Location: 11:00

TRUE - Winner!

  • Race: Zerg Zerg
  • Spawn Location: 5:00

Event: WCS Leipzig 2018

VOD

Have the link to the VOD?

Description

Time

  • Played on: Jan. 26, 2018, 12:12 p.m.
  • Length: 7:22

All games in this series

Show
View Real Time Build Order
Export as new Build Order

PtitDrogo Protoss 

Build Orders: Oracle Opening, Phoenix Opening 

Get SALT Encoding   

  12  0:00  Probe  
  13  0:12  Probe  
  14  0:20  Pylon  
  14  0:24  Probe  
  15  0:38  Probe (Chrono Boost)  
  16  0:45  Gateway  
  16  0:47  Probe (Chrono Boost)  
  17  0:51  Assimilator  
  17  0:52  Probe  
  18  1:04  Probe  
  19  1:16  Probe  
  20  1:29  Probe  
  20  1:31  Zealot (Chrono Boost), Assimilator  
  23  1:34  Cybernetics Core  
  23  1:35  Gateway  
  23  1:38  Pylon  
  23  1:56  Probe, Zealot  
  26  2:05  Pylon  
  26  2:08  Probe  
  26  2:11  Warp Gate  
  27  2:20  Probe  
  28  2:24  Adept x2  
  32  2:36  Stargate  
  32  2:59  Nexus  
  32  3:03  Probe  
  33  3:15  Probe  
  33  3:19  Pylon  
  34  3:23  Oracle (Chrono Boost)  
  37  3:27  Probe  
  38  3:40  Probe, Adept  
  38  3:41  Adept  
  42  3:57  Probe  
  42  3:58  Phoenix  
  42  4:05  Robotics Facility  
  43  4:19  Probe x2 (Chrono Boost)  
  44  4:24  Sentry x2  
  44  4:28  Probe (Chrono Boost)  
  44  4:30  Probe (Chrono Boost)  
  50  4:33  Probe (Chrono Boost)  
  52  4:49  Warp Prism (Chrono Boost)  
  53  4:56  Gateway x2  
  53  4:57  Gateway  
  53  4:58  Gateway  
  53  5:03  Gateway  
  53  5:05  Sentry  
  53  5:06  Sentry  
  57  5:12  Gateway  
  57  5:16  Pylon  
  57  5:29  Pylon  
  57  5:30  Pylon  
  57  5:36  Pylon  
  57  5:45  Sentry  
  57  5:46  Sentry  
  61  5:55  Adept  
  61  5:56  Adept x2, Zealot  
  63  6:01  Pylon  
  59  6:12  Zealot x6  
  69  6:23  Zealot x2  
  49  6:32  Sentry  
  47  6:33  Zealot x5  
  47  6:34  Sentry  
  47  6:37  Zealot  
  61  6:44  Shield Battery  
  61  6:46  Pylon  
  59  6:54  Sentry  
  59  6:56  Zealot  
  59  6:57  Gateway  
  63  7:03  Zealot  
  63  7:05  Zealot  
Show
View Real Time Build Order
Export as new Build Order

TRUE Zerg - Winner!

Build Orders: 3 Hatch before Pool 

Get SALT Encoding   

  12  0:00  Drone  
  13  0:12  Overlord  
  13  0:16  Drone  
  14  0:30  Drone  
  15  0:45  Hatchery  
  15  0:48  Drone  
  15  0:54  Drone  
  16  1:20  Drone  
  16  1:22  Hatchery  
  16  1:23  Drone  
  17  1:37  Spawning Pool  
  16  1:40  Drone  
  16  1:42  Extractor  
  16  1:45  Drone  
  17  1:49  Drone  
  18  1:54  Drone  
  18  1:57  Drone  
  20  2:04  Drone  
  21  2:09  Drone  
  21  2:14  Drone  
  23  2:20  Drone  
  24  2:26  Queen  
  24  2:28  Queen  
  28  2:33  Evolution Chamber  
  28  2:37  Hatchery  
  28  2:39  Overlord  
  28  2:46  Metabolic Boost  
  28  2:57  Zergling x4  
  28  2:58  Zergling x6  
  33  3:00  Zergling x2  
  34  3:10  Zergling x4  
  36  3:21  Overlord  
  34  3:34  Drone  
  34  3:35  Overlord  
  34  3:36  Drone  
  34  3:39  Queen  
  34  3:40  Queen  
  34  3:41  Overlord  
  40  3:42  Drone  
  41  3:50  Queen  
  41  3:51  Evolution Chamber  
  41  3:53  Drone  
  41  3:55  Drone  
  44  3:57  Drone  
  45  4:04  Drone x3  
  48  4:11  Spore Crawler  
  47  4:19  Drone x4  
  47  4:22  Drone x3  
  47  4:23  Drone  
  54  4:26  Overlord  
  54  4:30  Zerg Melee Weapons Level 1  
  54  4:34  Overlord  
  54  4:36  Drone  
  55  4:39  Drone  
  55  4:41  Drone x2  
  56  4:48  Drone x3  
  56  4:49  Drone  
  56  4:52  Drone  
  59  4:53  Drone  
  60  5:00  Queen  
  60  5:02  Zergling x6  
  60  5:03  Zergling x2  
  60  5:06  Overlord  
  66  5:09  Overlord  
  66  5:14  Overlord  
  66  5:16  Overlord  
  66  5:24  Overlord  
  66  5:26  Zergling x4  
  66  5:27  Zergling x10  
  72  5:31  Zergling x2  
  72  5:34  Zergling x4  
  72  5:35  Zergling x2  
  76  5:37  Queen  
  76  5:39  Zergling x6  
  76  5:40  Zergling x2  
  76  5:41  Zergling x2  
  83  5:44  Zergling x4  
  83  5:45  Zergling x2  
  83  5:48  Zergling x2  
  85  5:50  Zergling x2  
  84  5:57  Zergling x2  
  84  5:58  Zergling x2  
  84  6:03  Zergling x2  
  87  6:05  Zergling x2  
  87  6:06  Zergling x2  
  87  6:07  Zergling x4  
  87  6:08  Zergling x2  
  87  6:10  Zergling x2  
  93  6:11  Zergling x2  
  93  6:13  Zergling x4  
  93  6:14  Zergling x2  
  93  6:15  Zergling x4  
  93  6:17  Zergling x4  
  94  6:23  Zergling x2  
  83  6:30  Zergling x4  
  83  6:31  Queen  
  83  6:32  Queen  
  89  6:34  Zergling x2  
  89  6:38  Zergling x6  
  89  6:39  Zergling x2  
  94  6:40  Zergling x2  
  95  6:49  Zergling x4  
  95  6:51  Zergling x2  
  97  7:01  Zergling x2  
  97  7:02  Zergling x6  
  97  7:03  Zergling x4  
  97  7:04  Zergling x4  
Tags
 
Add a new tag
Caveats
  • Supply blocks, unpowered buildings, or Contaminate may cause inaccurate times.
  • Supply counts are checked every 10 seconds.